Cogmind - Beta 12 @@@ ROGUE MODE // 2023.12.13 @ 14:38:09 Player: Leeman Result: Destroyed by S-10 Pest with Light Assault Rifle Performance ------------- Evolutions (1) 500 Regions Visited (5) 1000 Robots Destroyed (92) 460 Value Destroyed (2202) 2202 Prototype IDs (3) 60 Alien Tech Used (0) 0 Bonus (409) 409 TOTAL SCORE: 4631 Bonus ------- High Alert Combat Kills 109 Aligned with FarCom 300 Cogmind --------- Core Integrity 0/400 Matter 296/300 Energy 155/160 System Corruption 0% Temperature Cool (20) Movement Walking (120) Location -8/Mines Parts ------- > --- POWER (1) -------- Light Nuclear Core > --- PROPULSION (4) --- Carbon-fiber Leg Carbon-fiber Leg Carbon-fiber Leg Carbon-fiber Leg > --- UTILITY (2) ------ Large Storage Unit Signal Interpreter > --- WEAPON (2) ------- Ion Cannon Autogun > --- INVENTORY (15) --- Heavy Ion Engine Light Nuclear Core Light Nuclear Core Light Nuclear Core Improved Aluminum Leg Improved Heat Sink Ion Cannon Ion Cannon Ion Cannon YOLO Cannon Minigun Rocket Launcher Peak State ------------ > --- POWER ------------ Heavy Ion Engine > --- PROPULSION ------- Aluminum Leg Improved Aluminum Leg Carbon-fiber Leg Carbon-fiber Leg > --- UTILITY ---------- Improved Heat Sink Large Storage Unit > --- WEAPON ----------- YOLO Cannon > --- INVENTORY -------- Light Nuclear Core Light Nuclear Core Light Nuclear Core Light Nuclear Core Carbon-fiber Leg Carbon-fiber Leg Signal Interpreter Ion Cannon Ion Cannon Ion Cannon Ion Cannon Autogun Rocket Launcher [Rating: 39] Favorites ----------- Power Heavy Ion Engine Engine Heavy Ion Engine Power Core Light Nuclear Core Propulsion Aluminum Leg Leg Aluminum Leg Utility Large Storage Unit Device Heat Sink Storage Large Storage Unit Processor Signal Interpreter Weapon Autogun Energy Gun Small Laser Energy Cannon Ion Cannon Ballistic Gun Autogun Launcher Rocket Launcher Build | -11 -10 -9 -9 -9 -8 ------- Run | Jun Mat Mat Min Exi Min Slots Evolved 2 | . . 2 . . . Power . | . . . . . . Propulsion 2 | . . 2 . . . Utility . | . . . . . . Weapon . | . . . . . . Parts Attached 48 | 6 8 18 6 4 6 Power 4 | 1 . 2 . . 1 Engine 2 | 1 . 1 . . . Core 2 | . . 1 . . 1 Reactor . | . . . . . . Propulsion 19 | 2 3 8 4 . 2 Treads . | . . . . . . Leg 19 | 2 3 8 4 . 2 Wheel . | . . . . . . Hover . | . . . . . . Flight . | . . . . . . Utility 7 | 1 3 2 . 1 . Device 3 | . 2 1 . . . Storage 2 | 1 1 . . . . Processor 2 | . . 1 . 1 . Hackware . | . . . . . . Protection . | . . . . . . Artifact . | . . . . . . Weapon 18 | 2 2 6 2 3 3 Energy Gun 5 | 2 2 1 . . . Energy Cannon 6 | . . 1 1 2 2 Ballistic Gun 6 | . . 4 . 1 1 Ballistic Cannon . | . . . . . . Launcher 1 | . . . 1 . . Special Weapon . | . . . . . . Impact Weapon . | . . . . . . Slashing Weapon . | . . . . . . Piercing Weapon . | . . . . . . Special Melee Weapon . | . . . . . . Unidentified Prototypes 3 | . . 2 . 1 . Parts Lost 17 | . 6 6 4 . 1 Power . | . . . . . . Propulsion 12 | . 3 4 4 . 1 Utility 2 | . 1 1 . . . Weapon 3 | . 2 1 . . . Highest Loss Streak 4 | . 1 2 4 . 1 To Critical Strikes . | . . . . . . Average Slot Usage (%) 97 | . 95 99 99 94 96 Engine 11 | . 14 10 11 11 3 Leg 38 | . 27 43 43 44 43 Device 7 | . 11 3 11 7 . Storage 11 | . 14 11 11 11 11 Processor 3 | . . 7 . 3 11 Energy Gun 9 | . 27 . . . . Energy Cannon 5 | . . 1 17 13 11 Ballistic Gun 8 | . . 19 4 3 8 Naked Turns . | . . . . . . Heaviest Build 47 | 13 29 38 41 47 46 Greatest Support 60 | 20 20 49 53 53 60 Greatest Overweight (x) 4 | 4 2 1 . . 1 Average Overweight (x) . | . 1 . . . . Largest Inventory Capacity 15 | 8 15 15 15 15 15 Average Capacity 14 | 7 14 15 15 15 15 Most Carried 15 | 2 14 15 15 14 15 Average Carried 10 | 1 6 12 12 12 12 Final Capacity 15 | 8 15 15 15 15 15 Final Carried 15 | 2 14 15 11 13 13 Class Distribution -------------------- 89% | Mutant 10% | Scavenger-Mutant Dominant Class ---------------- Mutant | -10/Materials Mutant | -9/Materials Mutant | -9/Mines Mutant | -9/Exiles Mutant | -8/Mines Resources | -11 -10 -9 -9 -9 -8 ----------- Run | Jun Mat Mat Min Exi Min Matter Collected 1422 | 198 137 912 76 . 99 Remotely . | . . . . . . Salvage Created 3077 | . 1185 1393 313 . 186 Parts 162 | . 52 92 6 . 12 Haulers Intercepted . | . . . . . . Recyclers Shooed 2 | . 2 . . . . Parts Field Recycled . | . . . . . . Retrieved Matter . | . . . . . . Parts Self-Destructed . | . . . . . . Prevented . | . . . . . . Kills | -11 -10 -9 -9 -9 -8 ------- Run | Jun Mat Mat Min Exi Min Combat Hostiles Destroyed 79 | . 23 32 13 . 11 Guns 55 | . 23 30 2 . . Cannons 17 | . . 1 11 . 5 AOE 7 | . . 1 . . 6 Classes Destroyed 11 | . 5 2 2 . 2 Worker 3 | . 2 1 . . . Builder 1 | . . . . . 1 Recycler 7 | . 5 2 . . . Watcher 7 | . 3 4 . . . Swarmer 30 | . 9 11 3 . 7 Grunt 30 | . 14 10 3 . 3 Duelist 2 | . . 1 1 . . Sentry 10 | . . 10 . . . Demolisher 1 | . . . 1 . . Hunter 1 | . . . . . 1 Assembled 5 | . . . 5 . . Best Kill Streak 9 | . 5 9 3 . 9 Combat Bots Only 8 | . 3 8 3 . 8 Max Kills in Single Turn 2 | . 1 2 1 . 2 Gunslinging . | . . . . . . Exploded 2 | . . 1 . . 2 Melee . | . . . . . . Uniques/NPCs Destroyed . | . . . . . . Combat | -11 -10 -9 -9 -9 -8 -------- Run | Jun Mat Mat Min Exi Min Damage Taken 2986 | . 908 1109 581 . 388 Core 606 | . 205 188 113 . 100 Absorbed by Shields . | . . . . . . Regen/Repaired (Parts) 63 | . 63 . . . . Core Remaining (%) 59 | 100 18 . . . . Volleys Fired 275 | . 129 104 27 1 14 Largest 2 | . 2 2 2 1 2 Hottest 120 | . 90 90 120 100 100 Shots Fired 479 | . 200 208 54 1 16 Gun 411 | . 200 205 4 . 2 Cannon 67 | . . 3 49 1 14 Launcher 1 | . . . 1 . . Special . | . . . . . . Kinetic 207 | . . 201 4 . 2 Thermal 271 | . 200 7 49 1 14 Explosive 1 | . . . 1 . . Electromagnetic . | . . . . . . Robot Hit Streak 11 | . 11 11 7 . 2 Robot Miss Streak 7 | . 4 4 3 . 7 Penetration Max . | . . . . . . Secondary Targets 2 | . 1 1 . . . Max Gunslinging Chain 1 | . 1 1 . . . Shots Hit Robots 309 | . 137 134 34 . 4 Core Hits 137 | . 53 55 19 . 10 Critical Kills 2 | . . 2 . . . Critical Parts Destroyed 1 | . . 1 . . . Critical Strikes 6 | . 3 3 . . . Burn 3 | . 3 . . . . Destroy 3 | . . 3 . . . Melee Attacks . | . . . . . . Impact . | . . . . . . Slashing . | . . . . . . Piercing . | . . . . . . Sneak Attacks . | . . . . . . Combat Hostiles . | . . . . . . Follow-up Attacks . | . . . . . . Damage Inflicted 6072 | . 1628 2038 807 . 1599 Guns 3681 | . 1627 2012 42 . . Cannons 1455 | . . 23 746 . 686 Explosions 932 | . . . 19 . 913 Melee . | . . . . . . Ramming 4 | . 1 3 . . . Kinetic 2018 | . . 1976 42 . . Thermal 4031 | . 1627 59 746 . 1599 Explosive 19 | . . . 19 . . Electromagnetic . | . . . . . . Impact . | . . . . . . Slashing . | . . . . . . Piercing . | . . . . . . Highest Corruption . | . . . . . . Average Corruption . | . . . . . . Corruption Purged . | . . . . . . Corruption Blocked . | . . . . . . Overload Shots . | . . . . . . Overflow Damage 383 | . . . 7 . 376 Projectiles 281 | . . . 7 . 274 Explosions 102 | . . . . . 102 Melee . | . . . . . . Knockbacks 1 | . . 1 . . . Impact 1 | . . 1 . . . Kinetic . | . . . . . . Secondary . | . . . . . . Self-Inflicted Damage 5 | . . . 5 . . Shots 1 | . . . 1 . . Rammed . | . . . . . . Targets Rammed 2 | . 1 1 . . . Kicked 2 | . 1 1 . . . Crushed . | . . . . . . Highest Temperature 300 | . 300 29 60 . 108 Average Temperature 54 | . 103 5 23 . 48 Received Heat Transfer 885 | . 330 411 108 . 36 Effects 1 | . 1 . . . . Interference 1 | . 1 . . . . Siege Activations . | . . . . . . Robots Corrupted . | . . . . . . Combat Hostiles . | . . . . . . Parts Fried . | . . . . . . Impact Corruptions . | . . . . . . Robots Melted . | . . . . . . Combat Hostiles . | . . . . . . Parts Melted 14 | . 12 . . . 2 Heat Transferred 7201 | . 4453 124 1184 . 1440 Parts Sabotaged . | . . . . . . Parts Stolen . | . . . . . . Parts Stripped . | . . . . . . Power Chain Reactions . | . . . . . . Missiles Intercepted . | . . . . . . Alert | -11 -10 -9 -9 -9 -8 ------- Run | Jun Mat Mat Min Exi Min Peak Influence 650 | . 200 650 315 . 324 Initial 171 | . . 64 171 . . Average 229 | . 100 387 178 . 189 Maximum Alert Level 2 | . 1 2 1 . 1 Low Security (%) 54 | 100 95 7 78 . 54 Level 1 23 | . 4 38 21 . 45 Level 2 21 | . . 54 . . . Level 3 . | . . . . . . Level 4 . | . . . . . . Level 5 . | . . . . . . High Security . | . . . . . . Max Security . | . . . . . . Squads Dispatched 11 | . 8 3 . . . Investigation 5 | . 5 . . . . Extermination . | . . . . . . Reinforcement 6 | . 3 3 . . . Assault . | . . . . . . Garrison . | . . . . . . Intercept . | . . . . . . Searches Triggered . | . . . . . . Construction Impeded . | . . . . . . Haulers Reinforced . | . . . . . . Active Scanning Responses . | . . . . . . Cargo Convoy Interrupts . | . . . . . . Stealth | -11 -10 -9 -9 -9 -8 --------- Run | Jun Mat Mat Min Exi Min Distress Signals 3 | . 2 1 . . . Communications Jammed . | . . . . . . Distress Signals . | . . . . . . Times Spotted 124 | . 41 51 18 . 14 Peak Tracking Total 6 | . 4 6 3 . 4 Tactical Retreats 11 | . 2 7 2 . . Traps | -11 -10 -9 -9 -9 -8 ------- Run | Jun Mat Mat Min Exi Min Traps Triggered 5 | . 4 1 . . . Indirectly . | . . . . . . Trap Hack Attempts . | . . . . . . Triggered . | . . . . . . Disarmed . | . . . . . . Reprogrammed . | . . . . . . Reused . | . . . . . . Traps Extracted . | . . . . . . Installed . | . . . . . . Triggered . | . . . . . . Machines | -11 -10 -9 -9 -9 -8 ---------- Run | Jun Mat Mat Min Exi Min Machines Disabled . | . . . . . . Max in Single Turn . | . . . . . . Machines Repaired . | . . . . . . Machines Sabotaged . | . . . . . . Overloaded Fab Kills . | . . . . . . Hacking | -11 -10 -9 -9 -9 -8 --------- Run | Jun Mat Mat Min Exi Min Machines Accessed 13 | . 5 6 . 2 . Terminals 9 | . 3 6 . . . Fabricators . | . . . . . . Repair Stations 1 | . 1 . . . . Recycling Units 1 | . 1 . . . . Scanalyzers . | . . . . . . Garrison Access . | . . . . . . Total Hacks 58 | . 12 14 . 32 . Successful 49 | . 9 8 . 32 . Failed 9 | . 3 6 . . . Catastrophic . | . . . . . . Database Lockouts . | . . . . . . Manual 1 | . . . . 1 . Terminals 20 | . 6 14 . . . Fabricators . | . . . . . . Repair Stations 5 | . 5 . . . . Recycling Units 1 | . 1 . . . . Scanalyzers . | . . . . . . Garrison Access . | . . . . . . Terminal Hacks 45 | . 5 8 . 32 . Record 34 | . 1 1 . 32 . Branch Access Points 1 | . . 1 . . . Emergency Access Points 1 | . . 1 . . . Alert Level 4 | . 1 3 . . . Unreport Threat 1 | . . 1 . . . Locate Traps 3 | . 2 1 . . . Zone Layout 1 | . 1 . . . . Fabricator Hacks . | . . . . . . Repair Station Hacks 3 | . 3 . . . . Scan Component 2 | . 2 . . . . Repair 1 | . 1 . . . . Recycling Unit Hacks 1 | . 1 . . . . Report Inventory 1 | . 1 . . . . Scanalyzer . | . . . . . . Garrison Access Hacks . | . . . . . . Unauthorized Hacks . | . . . . . . Terminals . | . . . . . . Fabricators . | . . . . . . Repair Stations . | . . . . . . Recycling Units . | . . . . . . Scanalyzers . | . . . . . . Garrison Access . | . . . . . . Data Cores Recovered . | . . . . . . Used . | . . . . . . Hacking Detections 6 | . 2 4 . . . Full Trace Events 1 | . 1 . . . . Feedback Events . | . . . . . . Feedback Blocked . | . . . . . . Robot Schematics Acquired . | . . . . . . Robots Built . | . . . . . . Authchips . | . . . . . . Time . | . . . . . . Total Robot Build Rating . | . . . . . . Part Schematics Acquired . | . . . . . . Parts Built . | . . . . . . Authchips . | . . . . . . Time . | . . . . . . Total Part Build Rating . | . . . . . . Parts Repaired 1 | . 1 . . . . Time 26 | . 26 . . . . Parts Recycled . | . . . . . . Recycled Matter . | . . . . . . Retrieved Matter . | . . . . . . Retrieved Components . | . . . . . . Parts Scanalyzed . | . . . . . . Part Schematics Acquired . | . . . . . . Parts Damaged . | . . . . . . Bothacking | -11 -10 -9 -9 -9 -8 ------------ Run | Jun Mat Mat Min Exi Min Used RIF Installer . | . . . . . . Robots Hacked . | . . . . . . Non-combat . | . . . . . . Combat . | . . . . . . Robot Hacks Applied . | . . . . . . Relay Couplers Released . | . . . . . . Fabnet Peak Effective % . | . . . . . . Robots Rewired . | . . . . . . Allies Hacked . | . . . . . . Hacks Repelled . | . . . . . . Allies | -11 -10 -9 -9 -9 -8 -------- Run | Jun Mat Mat Min Exi Min Total Allies . | . . . . . . Largest Group . | . . . . . . Highest-Rated Group . | . . . . . . Highest-Rated Ally . | . . . . . . Total Orders . | . . . . . . Ally Attacks . | . . . . . . Total Damage . | . . . . . . Kills . | . . . . . . Allies Corrupted . | . . . . . . Allies Melted . | . . . . . . Intel | -11 -10 -9 -9 -9 -8 ------- Run | Jun Mat Mat Min Exi Min Robot Analysis Total . | . . . . . . Derelict Logs Recovered 1 | . . . 1 . . Drone Launches . | . . . . . . Drone Recoveries . | . . . . . . Exploration | -11 -10 -9 -9 -9 -8 ------------- Run | Jun Mat Mat Min Exi Min Turns Passed 6532 | 69 2099 2181 661 979 543 Spaces Moved 3347 | 42 695 1082 405 807 316 Core 12 | 12 . . . . . Treads . | . . . . . . Legs 3335 | 30 695 1082 405 807 316 Wheels . | . . . . . . Hover . | . . . . . . Flight . | . . . . . . Fastest Speed 50 | 50 120 120 120 120 120 Average Speed 135 | 139 191 120 120 120 120 Slowest Speed 260 | 250 260 190 120 120 190 Overloaded Moves . | . . . . . . Propulsion Burnouts . | . . . . . . Robots Hopped . | . . . . . . Cave-ins Triggered . | . . . . . . Exploration Rate (%) 71 | 3 91 98 78 91 66 Regions Visited 5 Branch Regions 3 Pre-discovered Areas 1 | . . . . 1 . Known Exits Taken 2 | . . 1 . 1 . Unknown Exits Taken 3 | 1 1 . 1 . . Scrap Searched 3 | . . . 2 . 1 Spaces Dug 15 | . . . . 15 . Terrain Destroyed 103 | . . . 21 15 67 Melee . | . . . . . . Projectile 13 | . . . 10 1 2 AOE 90 | . . . 11 14 65 Terrain Rammed . | . . . . . . Walls Destroyed . | . . . . . . Machines Disabled . | . . . . . . Actions | -11 -10 -9 -9 -9 -8 --------- Run | Jun Mat Mat Min Exi Min Total 4893 | 49 1262 1800 526 815 441 Wait 1167 | . 412 565 89 . 101 Move 3342 | 41 694 1081 404 806 316 Hop . | . . . . . . Pick Up 37 | 2 17 17 . . 1 Fast Attach 16 | 6 3 6 . 1 . Attach 27 | . 5 12 4 2 4 Detach 8 | . . 2 . 3 3 Swap 5 | . . . 2 1 2 Drop 13 | . 1 12 . . . Fire 275 | . 129 104 27 1 14 Melee . | . . . . . . Ram . | . . . . . . Kick 2 | . 1 1 . . . Crush . | . . . . . . Escape Stasis . | . . . . . . Rewire 1 | . . . . 1 . Trap . | . . . . . . Miscellaneous . | . . . . . . Route ------- -11/Junkyard -10/Materials (discovered 4 exits: *Mat x3 / [*Min]) -9/Materials (discovered 5 exits: *Mat x3 / *Min x2) -9/Mines (discovered 3 exits: *Mat x2 / *Exi) -9/Exiles (discovered 2 exits: *Min x2) -8/Mines History --------- Turn | Location | Event 16 | -11/Junkyard | Discovered new exit (range 16) 70 | -11/Junkyard | Entered Materials 310 | -10/Materials | Build established: Mutant 684 | -10/Materials | Discovered new exit (range 16) 737 | -10/Materials | Discovered new exit (range 16) 1006 | -10/Materials | Repaired Aluminum Leg 1130 | -10/Materials | Core integrity fell below 50% 1287 | -10/Materials | Discovered new exit (range 13) 1859 | -10/Materials | Build established: Scavenger-Mutant 1981 | -10/Materials | Core integrity fell below 20% 2122 | -10/Materials | Discovered new exit (range 16) 2169 | -10/Materials | Entered another Materials area 2169 | -9/Materials | Evolved 2 slots: Propulsion x2 2396 | -9/Materials | Build established: Mutant 2568 | -9/Materials | Destroyed 8 combat bots 2653 | -9/Materials | Discovered new exit (range 4) 2660 | -9/Materials | Identified exit to Materials 2818 | -9/Materials | Discovered new exit (range 3) 2821 | -9/Materials | Identified exit to Mines 2930 | -9/Materials | Discovered exit to Materials (range 16) 3965 | -9/Materials | Discovered exit to Materials (range 16) 4350 | -9/Materials | Entered Mines 4362 | -9/Mines | YI-UF0 nonchalantly dropped a Grenade Launcher on the ground 4630 | -9/Mines | Assembled infested the area 4639 | -9/Mines | Core integrity fell below 50% 4671 | -9/Mines | Discovered exit to Materials (range 5) 4711 | -9/Mines | Lost 4 parts (4n) 4954 | -9/Mines | Discovered exit to Materials (range 15) 5005 | -9/Mines | Deemed a non-threat by the Exiles lab entrance 5007 | -9/Mines | Discovered new exit (range 5) 5011 | -9/Mines | Entered Exiles 5028 | -9/Exiles | Discovered new exit (range 15) 5067 | -9/Exiles | Met 8R-AWN 5089 | -9/Exiles | Met EX-HEX 5162 | -9/Exiles | Met EX-BIN 5184 | -9/Exiles | Aligned with FarCom system 5185 | -9/Exiles | Given EX-Vault access code 5225 | -9/Exiles | Opened EX-Vault 5236 | -9/Exiles | Found Prototype Energy Cannon 5236 | -9/Exiles | Identified YOLO Cannon 5287 | -9/Exiles | Warned to stay clear of 0b10 Research branches 5321 | -9/Exiles | Met EX-DEC 5371 | -9/Exiles | Learned location of Zion (-7) 5432 | -9/Exiles | Discovered new exit (range 14) 5520 | -9/Exiles | Visited The Gauntlet 5707 | -9/Exiles | Identified exit to Mines 5990 | -9/Exiles | Left Exiles lab with YOLO Cannon 5990 | -9/Exiles | Entered Mines 6144 | -8/Mines | Core integrity fell below 20% 6185 | -8/Mines | Destroyed 8 combat bots 6533 | -8/Mines | Destroyed by S-10 Pest with Light Assault Rifle Last Messages --------------- U-05 Engineer builds a Wall. U-05 Engineer lays Concrete. U-05 Engineer builds a Wall. Acquired 2 matter. Acquired 97 matter. U-05 Engineer builds a Wall. K-01 Serf collects debris. U-05 Engineer builds a Wall. K-01 Serf collects debris. U-05 Engineer lays Concrete. U-05 Engineer builds a Wall. U-05 Engineer lays Concrete. T-07 Excavator is excavating. Searching scrap... Found Hvy. Particle Cannon. Found Minigun. Found 29 Matter. Acquired Minigun. T-07 Excavator is excavating. K-01 Serf collects debris. Map ----- +----------------------------------------------------+ | #?## ##?## | | ##### #??## #### % | | ????# #???## ## # | | ??### ###??## ######## "##### | | ?## ##??## #??? "" """"#???? | | ## ###### #### #??#### ###### ##???# | | # #### ##??# #?????# #????###????# | | # #### #??####??? #?????# ???????????# | | ##????????????? ####????# #??????????# | | ##?????????????? ???????# ##??????????# | | ##??????????????#???????# ##?????????? | | ##???????????????????????# #????????? ## | | ###????????????????????????# ????????# ??? | | ##??????????????????????????## ??????? ???? | | #???????????????#????????????###### ?????? ?????? | | #??????????????## ?????????????????#?????#??????? | | #??????????????? ??????????????????????????????? | | %#???????????????# ?????????????????????????????? | | #???????????????# ?????????????????????????????? | | #???????????????# ????????????????????????????? | | #???????????????# ????????????????????????????? | | #???????????????? ???????????????????????????? | | #????????????????? ???????????????????????????? | | #??????????????????# s??????????????????????????? | | #??????????????????# s#####?????????????????????? | | #??????????????????# s @ #?????????????????????? | | #??????????????????###### #?????????????????????? | | #???????????????????????# #?????????????????????? | | ##???????????????????????# ####??###??###????????? | | #???????????????????????## ### ## #????????? | | #??????????????????????## #???????? | | #??????????????????????# #???????? | | #??????????????????????# #??????? | | #??????????????#####???## ??????? | | #??????????????? #????# ## ???????? | | #???????????????# #????## ##?#### ???????? | | ##??????????????# #?????# ##???????## ????????? | | ###????????????# #????## ##???????????????????? | | ##???????????# ###### #???????????????????? | | ###????????## #???????????????????? | | ########## ####### ##???????????????????? | | #?????####?????????????????#??? | | ### #????????????????????????? #??? | | #?#### ### ##????########?????????### #??? | | ?????## ##?## ###??# #???####### #??? | | ?????## ##??## #### #???# ###??? | | ?????# ##???# ## ##??# ##### ##???? | | ?????# ##????# ## #??# #??## ##??? | | ?????####?????# ########### ##?# #?## ##?? | | ??????????????## ##?????????## ### ### #?? | +----------------------------------------------------+ Best States ------------- Heat Dissipation 42 Energy Generation 14 Energy Capacity 280 Matter Stores 300 Matter Capacity 300 Sight Range 16 Terrain Scan Density 10 Evasion (%) 55 Item Schematics ----------------- None Robot Schematics ------------------ None Fabricated ------------ Nothing Alien Tech Used ----------------- None Achievements -------------- I Survived The Infestation Challenges ------------ None Game ------ Seed PoweredTargetingComputer Manual? 0 Play Time 00:50:53 Cumulative 10.2 hours Start 2023.12.12 @ 15:04:37 End 2023.12.13 @ 14:38:09 Sessions 3 Manual Loads 0 Difficulty Rogue Special Mode None Game No. 13 Rogue 13 Adventurer 0 Explorer 0 Win Type - Total 0 Types 0/0/0/0/0/0/0/0/0 Lore% 14 Gallery% 10 Achievement% 11 Wizard Run 0 Options --------- ASCII 0 Keyboard 0 Movement Mouse Keybinds 0 Fullscreen 1 Font 18/SmallcapsGlow Map View 76x50 Tactical HUD 0 Map Filters NONE Filters NONE Steam 1 RUN: cd1c3d15-0148-4225-9b24-7aaf2bf49362